 Dungeon Crawl Stone Soup version 0.30-a0-672-gc3a7216ad8 (webtiles) character file.

Game seed: 14191699767746442198

51 NotreDorf the Poker (level 3, -1/28 HPs)
             Began as a Merfolk Reaver on Jan 18, 2023.
             Slain by an orc priest
             ... wielding a +0 flail
              (2 damage)
             ... on level 3 of the Dungeon.
             The game lasted 00:07:19 (1535 turns).

NotreDorf the Poker (Merfolk Reaver)                Turns: 1535, Time: 00:07:20

Health: -1/28      AC:  4    Str: 12    XL:     3   Next: 81%
Magic:  6/6        EV: 12    Int: 12    God:
Gold:   156        SH:  0    Dex: 14    Spells: 3/6 levels left

rFire   . . .      SeeInvis +    a - +0 spear
rCold   + . .      Faith    .    (no shield)
rNeg    . . .      Spirit   .    b - +0 leather armour
rPois   .          Reflect  .    (no helmet)
rElec   .          Harm     .    (no cloak)
rCorr   .          Rampage  .    (no gloves)
Will    .....                    o - +0 pair of boots
Stlth   +                        (no amulet)
HPRegen 0.24/turn                i - ring of protection from cold
MPRegen 0.10/turn                k - ring of see invisible

@: no status effects
A: (nimble swimmer 2), mertail
a: no special abilities


You were on level 3 of the Dungeon.
You visited 1 branch of the dungeon, and saw 3 of its levels.

You collected 156 gold pieces.

Inventory:

Hand Weapons
 a - a +0 spear (weapon)
Missiles
 s - 8 poisoned darts
Armour
 b - a +0 leather armour (worn)
 o - a +0 pair of boots (worn)
Jewellery
 i - a ring of protection from cold (left hand)
 k - a ring of see invisible (right hand)
 v - a +4 ring of protection
Wands
 x - a wand of paralysis (11)
Scrolls
 c - a scroll of poison {unknown}
 d - 2 scrolls of teleportation {unknown}
 f - 2 scrolls of blinking {unknown}
 g - a scroll of amnesia {unknown}
 h - a scroll of silence {unknown}
 l - 3 scrolls of identify {unknown}
 q - a scroll of enchant armour {unknown}
 r - 2 scrolls of noise {unknown}
Potions
 e - a potion of heal wounds {unknown}
 j - a potion of magic {unknown}
 m - 3 potions of mutation {unknown}
 n - 2 potions of haste {unknown}
 p - a potion of curing {unknown}
 t - a potion of might {unknown}
 u - a potion of brilliance {unknown}
 w - a potion of lignification {unknown}


   Skills:
 + Level 2.7 Fighting
 + Level 4.5 Polearms
 + Level 3.3 Dodging
 + Level 2.4 Spellcasting
 + Level 2.7 Conjurations


You had 3 spell levels left.
You knew the following spells:

 Your Spells              Type           Power      Damage    Failure   Level
a - Kiss of Death         Conj/Necr      16%        2d6       19%         1
b - Momentum Strike       Conj/Tloc      8%         3d8       28%         2

Your spell library contained the following spells:

 Spells                   Type           Power      Damage    Failure   Level
 Ensorcelled Hibernation  Hex/Ice        2%         N/A       45%         2
 Hailstorm                Conj/Ice       4%         3d4       50%         3
 Spider Form              Tmut/Pois      1%         N/A       69%         3
 Anguish                  Hex/Necr       0%         N/A       97%         4


Dungeon Overview and Level Annotations

Branches:
Dungeon (3/15)

Altars:

Shops:
D:1 (=:   D:2 [


Innate Abilities, Weirdness & Mutations

((You are very nimble when in or above water. (Stealth+, EV+, Speed+++)))
Your lower body shifts to a powerful aquatic tail in water.


Message History

You hit the orc.
The orc is moderately wounded.
The orc barely misses you.
You hit the orc.
The orc is severely wounded.
The orc hits you with a +0 club.
You hit the orc.
You kill the orc!
The orc closely misses you.
You hit the orc.
The orc is heavily wounded.
You closely miss the orc.
The orc is heavily wounded.
The orc priest mumbles some strange prayers to Beogh against you.
Beogh smites you!
Ouch! That really hurt!
* * * LOW HITPOINT WARNING * * *
You are too injured to fight recklessly!
You are too injured to fight recklessly!
You barely miss the orc.
The orc is heavily wounded.
The orc closely misses you.
You hit the orc but do no damage.
The orc is heavily wounded.
The orc priest closely misses you. The orc completely misses you.
You hit the orc.
The orc is severely wounded.
The orc misses you. The orc priest closely misses you.
You hit the orc.
You kill the orc!
The orc priest misses you.
You hit the orc priest but do no damage.
You hit the orc priest.
The orc priest is lightly wounded.
The orc priest hits you with a +0 flail.
* * * LOW HITPOINT WARNING * * *
You barely miss the orc priest.
The orc priest is lightly wounded.
The orc priest hits you with a +0 flail.
You die...

...................###
........................
.....................###
..$.....................
.....................###
.....................#
#...>...............#
#....o).............#
#.....@.............#
#...................##
.^....................#
.#....................#
#....................#
#....................#
#.#.##############...##
.... #.......... .#
#..........


You could see an orc priest.

Vanquished Creatures
  An adder (D:2)
  A dart slug (D:1)
  3 orcs (D:3)
  4 ball pythons
  3 endoplasms
  A giant cockroach (D:1)
  4 goblins
  4 hobgoblins
  A quokka (D:1)
  A bat (D:1)
  4 frilled lizards
  2 kobolds (D:1)
  7 rats
36 creatures vanquished.

Notes
Turn   | Place    | Note
-------+----------+-------------------------------------------
     0 | D:1      | NotreDorf the Merfolk Reaver began the quest for the Orb.
     0 | D:1      | Reached XP level 1. HP: 16/16 MP: 3/3
   130 | D:1      | Reached XP level 2. HP: 5/23 MP: 5/5
   417 | D:1      | Found Sarubig's Jewellery Boutique.
   422 | D:1      | Found Turoo's Weapon Shop.
   448 | D:1      | Found Axti's Book Boutique.
   644 | D:1      | Learned a level 2 spell: Momentum Strike
   659 | D:2      | Reached XP level 3. HP: 26/28 MP: 6/6
   710 | D:2      | Found Fure's Armour Shoppe.
  1534 | D:3      | HP: 1/28 [orc priest/+0 flail (2)]
  1535 | D:3      | Slain by an orc priest

Illustrated notes

Levels and vault maps discovered:
D:1:      dpeg_arrival_windows_large_door, layout_rooms, serial_shops, shop,
          shop, shop
D:2:      layout_basic, serial_shops, shop, minivault_24
D:3:      layout_basic, lemuel_tele_altar, grunt_temple_overflow_open

Skill      XL: |  1  2 |
---------------+-------+-----
Dodging        | 3 |  3.3
Fighting       | |  2.7
Polearms       | |  4.5
Spellcasting   | |  2.4
Conjurations   | |  2.7

Action                   || total
-------------------------++-------
Melee: Spear             ||   139
Armor: Leather armour    ||    29
Dodge: Dodged            ||    57

Table legend: (Time is in decaauts)
 A = Elapsed time spent in this place.
 B = Non-inter-level travel time spent in this place.
 C = Inter-level travel time spent in this place.
 D = Time resting spent in this place.
 E = Time spent auto-exploring this place.
 F = Levels seen in this place.
 G = Mean time per level.
                   A        B        C        D        E       F      G
               +--------+--------+--------+--------+--------+-----+--------+
         Total |   1518 |   1471 |     47 |      0 |   1120 |   3 |  506.0 |
       Dungeon |   1518 |   1471 |     47 |      0 |   1120 |   3 |  506.0 |
               +--------+--------+--------+--------+--------+-----+--------+

Top non-repeatable levels by time:
     D:2: 667 daAuts
     D:1: 641 daAuts
     D:3: 209 daAuts
